3063 views
Uploaded 2019-12-01 20:39:07
Game version 1.32.0.2 / 1.32.0.2.1
28:49 long 3on3 ladder game on (8)Mur'gulOasis_LV
Saved by BEARAND
3063 views
Uploaded 2019-12-01 20:39:07
Game version 1.32.0.2 / 1.32.0.2.1
28:49 long 3on3 ladder game on (8)Mur'gulOasis_LV


55 units @ 4.9k
/ 0.2k
273 buildings @ 12.2k
/ 6.8k
iggythefisk
(28:47) : 


| Scroll of Regeneration | 1 | 100 |
| Lesser Clarity Potion | 1 | 70 |
| Staff of Sanctuary | 3 | 750 |
| Orb of Fire | 3 | 975 |
| Boots of Speed | 3 | 750 |
| total: | 11 | 2645g |
| Peasant | 12 | 900 | / | 0 |
| Sorceress | 1 | 155 | / | 20 |
| Priest | 1 | 135 | / | 10 |
| total: | 14 | 1190g | / | 30w |
| Scout Tower | 64 | 1920 | / | 1280 |
| Arcane Tower | 4 | 280 | / | 200 |
| Guard Tower | 18 | 1260 | / | 900 |
| Altar of Kings | 1 | 180 | / | 50 |
| Farm | 4 | 320 | / | 80 |
| Lumber Mill | 1 | 120 | / | 0 |
| Arcane Vault | 2 | 260 | / | 60 |
| Town Hall | 1 | 385 | / | 205 |
| Arcane Sanctum | 1 | 150 | / | 140 |
| Keep | 1 | 320 | / | 210 |
| Castle | 1 | 360 | / | 210 |
| total: | 74 | 3335g | / | 1815w |
| 0:04 | Altar of Kings |
| 0:05 | Peasant |
| 0:15 | Peasant |
| 0:21 | Farm |
| 0:23 | Peasant |
| 0:37 | Lumber Mill |
| 0:38 | Peasant |
| 0:44 | Farm |
| 1:01 | Peasant |
| 1:19 | Peasant |
| 1:35 | Peasant |
| 1:36 | Peasant |
| 1:40 | Scout Tower |
| 1:41 | Scout Tower |
| 1:43 | Peasant |
| 1:49 | Arcane Vault |
| 1:52 | Improved Masonry |
| 1:57 | Peasant |
| 2:06 | Holy Light |
| 2:11 | Arcane Tower |
| 2:21 | Peasant |
| 2:25 | Scout Tower |
| 2:38 | Peasant |
| 2:41 | Guard Tower |
| 3:11 | Guard Tower |
| 3:12 | Scout Tower |
| 3:13 | Scout Tower |
| 3:36 | Keep |
| 4:46 | Guard Tower |
| 4:48 | Scout Tower |
| 4:48 | Scout Tower |
| 4:51 | Scout Tower |
| 4:52 | Scout Tower |
| 4:53 | Scroll of Regeneration |
| 4:54 | Lesser Clarity Potion |
| 5:11 | Boots of Speed |
| 5:43 | Divine Shield |
| 5:56 | Farm |
| 5:57 | Advanced Masonry |
| 5:58 | Guard Tower |
| 5:58 | Guard Tower |
| 6:02 | Arcane Sanctum |
| 6:36 | Healing Spray |
| 6:41 | Castle |
| 6:43 | Guard Tower |
| 6:46 | Guard Tower |
| 6:48 | Scout Tower |
| 7:05 | Improved Lumber Harvesting |
| 7:11 | Farm |
| 8:28 | Guard Tower |
| 8:29 | Scout Tower |
| 8:30 | Scout Tower |
| 8:36 | Holy Light |
| 9:16 | Imbued Masonry |
| 9:16 | Advanced Lumber Harvesting |
| 9:21 | Magic Sentry |
| 9:22 | Scout Tower |
| 9:23 | Scout Tower |
| 9:24 | Scout Tower |
| 9:25 | Scout Tower |
| 9:25 | Scout Tower |
| 9:26 | Scout Tower |
| 9:28 | Arcane Tower |
| 9:29 | Guard Tower |
| 9:49 | Scout Tower |
| 9:49 | Scout Tower |
| 9:50 | Scout Tower |
| 9:50 | Scout Tower |
| 10:17 | Guard Tower |
| 10:26 | Arcane Vault |
| 10:27 | Scout Tower |
| 10:27 | Scout Tower |
| 10:28 | Scout Tower |
| 10:54 | Siphon Mana |
| 11:29 | Chemical Rage |
| 12:40 | Scout Tower |
| 12:41 | Scout Tower |
| 12:45 | Arcane Tower |
| 12:46 | Guard Tower |
| 13:17 | Banish |
| 13:41 | Guard Tower |
| 13:45 | Scout Tower |
| 13:45 | Scout Tower |
| 13:46 | Scout Tower |
| 13:46 | Scout Tower |
| 13:47 | Scout Tower |
| 13:47 | Scout Tower |
| 14:13 | Sorceress Adept Training |
| 14:13 | Priest Adept Training |
| 14:14 | Sorceress |
| 14:14 | Priest |
| 15:11 | Divine Shield |
| 15:27 | Healing Spray |
| 15:45 | Scout Tower |
| 15:46 | Scout Tower |
| 15:47 | Scout Tower |
| 15:47 | Scout Tower |
| 15:48 | Scout Tower |
| 15:48 | Scout Tower |
| 15:49 | Scout Tower |
| 15:49 | Scout Tower |
| 15:50 | Scout Tower |
| 15:50 | Scout Tower |
| 16:43 | Boots of Speed |
| 16:47 | Siphon Mana |
| 16:49 | Boots of Speed |
| 17:16 | Sorceress Master Training |
| 17:16 | Priest Master Training |
| 18:06 | Staff of Sanctuary |
| 18:14 | Staff of Sanctuary |
| 18:20 | Orb of Fire |
| 18:23 | Orb of Fire |
| 18:36 | Arcane Tower |
| 18:37 | Guard Tower |
| 18:51 | Guard Tower |
| 18:59 | Scout Tower |
| 18:59 | Scout Tower |
| 19:00 | Scout Tower |
| 19:00 | Scout Tower |
| 19:01 | Scout Tower |
| 19:01 | Scout Tower |
| 19:02 | Scout Tower |
| 19:02 | Scout Tower |
| 20:47 | Guard Tower |
| 21:08 | Staff of Sanctuary |
| 22:36 | Guard Tower |
| 26:16 | Holy Light |
| 26:21 | Scout Tower |
| 26:22 | Scout Tower |
| 26:22 | Scout Tower |
| 26:23 | Scout Tower |
| 26:23 | Scout Tower |
| 26:23 | Scout Tower |
| 26:24 | Scout Tower |
| 26:55 | Chemical Rage |
| 26:57 | Banish |
| 28:00 | Guard Tower |
| 28:02 | Scout Tower |
| 28:02 | Scout Tower |
| 28:03 | Scout Tower |
| 28:03 | Scout Tower |
| 28:04 | Scout Tower |
| 28:04 | Scout Tower |
| 28:21 | Orb of Fire |
| 28:45 | Guard Tower |
| 28:47 | Town Hall |
| Right click | 1948 |
| Select group | 1425 |
| Select | 321 |
| Assign group | 250 |
| Use ability | 135 |
| Chat | 107 |
| Build/train/purchase | 102 |
| Misc. action | 91 |
| Item give/drop | 5 |
| Resource trade | 5 |
| Minimap ping | 1 |



| Staff of Sanctuary | 3 | 750 |
| Orb of Fire | 3 | 975 |
| Boots of Speed | 3 | 750 |
| Staff of Teleportation | 3 | 450 |
| total: | 12 | 2925g |
| Peasant | 15 | 1125 | / | 0 |
| Priest | 1 | 135 | / | 10 |
| Dragonhawk Rider | 4 | 800 | / | 120 |
| total: | 20 | 2060g | / | 130w |
| Scout Tower | 55 | 1650 | / | 1100 |
| Arcane Tower | 5 | 350 | / | 250 |
| Guard Tower | 24 | 1680 | / | 1200 |
| Altar of Kings | 1 | 180 | / | 50 |
| Farm | 10 | 800 | / | 200 |
| Lumber Mill | 2 | 240 | / | 0 |
| Arcane Vault | 1 | 130 | / | 30 |
| Blacksmith | 1 | 140 | / | 60 |
| Barracks | 1 | 160 | / | 60 |
| Arcane Sanctum | 1 | 150 | / | 140 |
| Gryphon Aviary | 2 | 280 | / | 300 |
| Keep | 2 | 640 | / | 420 |
| Castle | 2 | 720 | / | 420 |
| total: | 74 | 3730g | / | 1940w |
| 0:01 | Peasant |
| 0:02 | Peasant |
| 0:07 | Altar of Kings |
| 0:19 | Farm |
| 0:21 | Peasant |
| 0:32 | Farm |
| 0:33 | Peasant |
| 0:49 | Lumber Mill |
| 0:53 | Peasant |
| 1:04 | Arcane Vault |
| 1:09 | Peasant |
| 1:14 | Scout Tower |
| 1:19 | Peasant |
| 1:29 | Scout Tower |
| 1:30 | Peasant |
| 1:53 | Peasant |
| 1:57 | Peasant |
| 2:00 | Arcane Tower |
| 2:04 | Scout Tower |
| 2:08 | Blizzard |
| 2:27 | Scout Tower |
| 2:39 | Guard Tower |
| 2:45 | Guard Tower |
| 2:46 | Peasant |
| 2:47 | Peasant |
| 2:47 | Peasant |
| 2:47 | Peasant |
| 2:50 | Scout Tower |
| 2:51 | Scout Tower |
| 3:28 | Guard Tower |
| 3:29 | Guard Tower |
| 3:29 | Peasant |
| 3:33 | Scout Tower |
| 3:47 | Guard Tower |
| 4:31 | Keep |
| 4:32 | Scout Tower |
| 4:55 | Farm |
| 4:56 | Farm |
| 4:57 | Improved Masonry |
| 4:57 | Advanced Masonry |
| 5:05 | Scout Tower |
| 5:05 | Guard Tower |
| 5:10 | Scout Tower |
| 5:11 | Scout Tower |
| 5:11 | Scout Tower |
| 5:12 | Scout Tower |
| 5:13 | Scout Tower |
| 5:39 | Guard Tower |
| 5:39 | Arcane Tower |
| 5:43 | Brilliance Aura |
| 5:51 | Scout Tower |
| 5:52 | Scout Tower |
| 5:57 | Farm |
| 6:05 | Guard Tower |
| 6:34 | Guard Tower |
| 6:39 | Guard Tower |
| 6:59 | Guard Tower |
| 7:06 | Guard Tower |
| 7:08 | Scout Tower |
| 7:09 | Scout Tower |
| 7:09 | Scout Tower |
| 7:10 | Scout Tower |
| 7:13 | Arcane Sanctum |
| 8:03 | Storm Bolt |
| 8:05 | Castle |
| 8:10 | Guard Tower |
| 8:37 | Magic Sentry |
| 8:38 | Priest |
| 8:40 | Farm |
| 8:42 | Scout Tower |
| 8:43 | Scout Tower |
| 8:43 | Scout Tower |
| 8:43 | Scout Tower |
| 8:44 | Scout Tower |
| 9:21 | Imbued Masonry |
| 9:21 | Improved Lumber Harvesting |
| 9:28 | Arcane Tower |
| 10:03 | Boots of Speed |
| 10:04 | Staff of Teleportation |
| 10:23 | Guard Tower |
| 11:25 | Holy Light |
| 11:31 | Staff of Sanctuary |
| 11:32 | Orb of Fire |
| 11:33 | Orb of Fire |
| 11:55 | Blizzard |
| 12:00 | Bash |
| 13:33 | Advanced Lumber Harvesting |
| 13:46 | Scout Tower |
| 13:47 | Scout Tower |
| 13:48 | Scout Tower |
| 13:48 | Scout Tower |
| 13:48 | Scout Tower |
| 13:49 | Scout Tower |
| 13:49 | Scout Tower |
| 13:50 | Scout Tower |
| 13:50 | Scout Tower |
| 13:51 | Scout Tower |
| 13:51 | Scout Tower |
| 13:52 | Scout Tower |
| 14:15 | Divine Shield |
| 15:01 | Storm Bolt |
| 15:15 | Arcane Tower |
| 15:15 | Guard Tower |
| 15:30 | Boots of Speed |
| 15:40 | Boots of Speed |
| 15:40 | Staff of Teleportation |
| 17:19 | Gryphon Aviary |
| 17:20 | Gryphon Aviary |
| 17:22 | Blacksmith |
| 17:23 | Barracks |
| 17:38 | Farm |
| 17:38 | Farm |
| 17:39 | Farm |
| 17:39 | Farm |
| 17:56 | Guard Tower |
| 18:40 | Dragonhawk Rider |
| 19:12 | Dragonhawk Rider |
| 19:14 | Iron Forged Swords |
| 19:14 | Studded Leather Armor |
| 19:17 | Staff of Sanctuary |
| 19:20 | Orb of Fire |
| 19:41 | Staff of Teleportation |
| 21:48 | Dragonhawk Rider |
| 21:48 | Dragonhawk Rider |
| 21:49 | Cloud |
| 21:50 | Animal War Training |
| 21:51 | Steel Forged Swords |
| 21:52 | Reinforced Leather Armor |
| 22:46 | Brilliance Aura |
| 23:11 | Guard Tower |
| 23:14 | Scout Tower |
| 23:14 | Scout Tower |
| 23:15 | Scout Tower |
| 23:15 | Scout Tower |
| 23:33 | Scout Tower |
| 23:34 | Scout Tower |
| 23:34 | Scout Tower |
| 23:35 | Scout Tower |
| 23:35 | Scout Tower |
| 23:36 | Scout Tower |
| 23:39 | Lumber Mill |
| 23:46 | Scout Tower |
| 23:47 | Scout Tower |
| 23:48 | Scout Tower |
| 23:48 | Scout Tower |
| 23:49 | Scout Tower |
| 24:43 | Holy Light |
| 25:57 | Guard Tower |
| 25:57 | Guard Tower |
| 25:57 | Guard Tower |
| 27:20 | Bash |
| 27:47 | Guard Tower |
| 28:11 | Scout Tower |
| 28:12 | Scout Tower |
| 28:12 | Scout Tower |
| 28:14 | Staff of Sanctuary |
| Right click | 2786 |
| Select group | 677 |
| Select | 503 |
| Build/train/purchase | 125 |
| Use ability | 112 |
| Chat | 40 |
| Resource trade | 23 |
| Misc. action | 19 |
| Assign group | 15 |
| Minimap ping | 12 |
| Item give/drop | 2 |
| Remove unit | 1 |



| Lesser Clarity Potion | 1 | 70 |
| Staff of Sanctuary | 3 | 750 |
| Orb of Fire | 3 | 975 |
| Staff of Teleportation | 3 | 450 |
| Boots of Speed | 3 | 750 |
| Periapt of Vitality | 1 | 325 |
| total: | 14 | 3320g |
| Peasant | 20 | 1500 | / | 0 |
| Priest | 1 | 135 | / | 10 |
| total: | 21 | 1635g | / | 10w |
| Scout Tower | 115 | 3450 | / | 2300 |
| Arcane Tower | 5 | 350 | / | 250 |
| Guard Tower | 34 | 2380 | / | 1700 |
| Altar of Kings | 1 | 180 | / | 50 |
| Farm | 4 | 320 | / | 80 |
| Lumber Mill | 1 | 120 | / | 0 |
| Arcane Vault | 1 | 130 | / | 30 |
| Town Hall | 2 | 770 | / | 410 |
| Arcane Sanctum | 1 | 150 | / | 140 |
| Keep | 1 | 320 | / | 210 |
| Castle | 1 | 360 | / | 210 |
| total: | 125 | 5120g | / | 3010w |
| 0:04 | Peasant |
| 0:04 | Peasant |
| 0:11 | Altar of Kings |
| 0:17 | Farm |
| 0:24 | Peasant |
| 0:44 | Lumber Mill |
| 0:45 | Peasant |
| 0:45 | Peasant |
| 0:51 | Scout Tower |
| 0:55 | Peasant |
| 0:57 | Farm |
| 1:04 | Peasant |
| 1:25 | Arcane Tower |
| 1:30 | Peasant |
| 1:40 | Scout Tower |
| 1:43 | Peasant |
| 1:56 | Peasant |
| 2:06 | Guard Tower |
| 2:09 | Scout Tower |
| 2:11 | Blizzard |
| 2:21 | Peasant |
| 2:21 | Peasant |
| 2:38 | Guard Tower |
| 2:41 | Scout Tower |
| 2:41 | Scout Tower |
| 3:22 | Keep |
| 3:24 | Guard Tower |
| 3:26 | Improved Masonry |
| 3:36 | Guard Tower |
| 3:37 | Scout Tower |
| 3:40 | Scout Tower |
| 3:42 | Staff of Teleportation |
| 3:42 | Boots of Speed |
| 4:53 | Guard Tower |
| 4:55 | Scout Tower |
| 4:56 | Scout Tower |
| 4:57 | Scout Tower |
| 5:04 | Lesser Clarity Potion |
| 5:22 | Farm |
| 5:44 | Castle |
| 5:50 | Guard Tower |
| 6:17 | Guard Tower |
| 6:19 | Scout Tower |
| 6:19 | Scout Tower |
| 6:20 | Scout Tower |
| 6:32 | Brilliance Aura |
| 6:45 | Storm Bolt |
| 7:04 | Arcane Vault |
| 7:05 | Arcane Sanctum |
| 8:06 | Peasant |
| 8:12 | Farm |
| 8:38 | Magic Sentry |
| 9:22 | Advanced Masonry |
| 9:24 | Priest Adept Training |
| 9:33 | Holy Light |
| 9:36 | Staff of Sanctuary |
| 9:37 | Orb of Fire |
| 10:04 | Boots of Speed |
| 10:12 | Periapt of Vitality |
| 11:27 | Bash |
| 11:35 | Town Hall |
| 11:43 | Scout Tower |
| 11:43 | Scout Tower |
| 11:44 | Scout Tower |
| 11:45 | Scout Tower |
| 11:45 | Scout Tower |
| 11:46 | Scout Tower |
| 11:46 | Scout Tower |
| 11:47 | Scout Tower |
| 11:48 | Scout Tower |
| 11:49 | Scout Tower |
| 11:50 | Scout Tower |
| 11:54 | Scout Tower |
| 11:55 | Scout Tower |
| 12:07 | Divine Shield |
| 12:38 | Brilliance Aura |
| 12:49 | Guard Tower |
| 13:33 | Guard Tower |
| 13:38 | Scout Tower |
| 13:39 | Scout Tower |
| 13:39 | Scout Tower |
| 13:40 | Scout Tower |
| 13:40 | Scout Tower |
| 13:41 | Scout Tower |
| 13:41 | Scout Tower |
| 13:42 | Scout Tower |
| 13:42 | Scout Tower |
| 13:43 | Scout Tower |
| 13:45 | Imbued Masonry |
| 13:47 | Priest Master Training |
| 13:48 | Sorceress Adept Training |
| 13:50 | Guard Tower |
| 13:52 | Scout Tower |
| 13:52 | Scout Tower |
| 13:53 | Scout Tower |
| 13:56 | Peasant |
| 13:56 | Peasant |
| 13:59 | Scout Tower |
| 14:00 | Scout Tower |
| 14:00 | Scout Tower |
| 14:01 | Scout Tower |
| 14:01 | Scout Tower |
| 14:02 | Scout Tower |
| 14:10 | Guard Tower |
| 14:11 | Arcane Tower |
| 14:12 | Guard Tower |
| 14:14 | Guard Tower |
| 14:17 | Peasant |
| 14:17 | Peasant |
| 14:52 | Staff of Teleportation |
| 14:52 | Boots of Speed |
| 14:56 | Storm Bolt |
| 15:05 | Scout Tower |
| 15:06 | Scout Tower |
| 15:09 | Scout Tower |
| 15:10 | Scout Tower |
| 15:10 | Scout Tower |
| 15:11 | Scout Tower |
| 15:11 | Scout Tower |
| 15:37 | Guard Tower |
| 15:40 | Arcane Tower |
| 15:47 | Peasant |
| 15:49 | Guard Tower |
| 15:53 | Arcane Tower |
| 16:49 | Guard Tower |
| 16:52 | Scout Tower |
| 16:54 | Scout Tower |
| 16:57 | Holy Light |
| 17:32 | Scout Tower |
| 17:32 | Scout Tower |
| 17:33 | Scout Tower |
| 17:35 | Staff of Teleportation |
| 17:47 | Arcane Tower |
| 17:50 | Guard Tower |
| 17:53 | Scout Tower |
| 17:54 | Scout Tower |
| 17:55 | Scout Tower |
| 17:56 | Scout Tower |
| 17:57 | Scout Tower |
| 17:58 | Scout Tower |
| 18:00 | Staff of Sanctuary |
| 18:01 | Orb of Fire |
| 18:05 | Guard Tower |
| 18:22 | Scout Tower |
| 18:22 | Scout Tower |
| 18:23 | Scout Tower |
| 18:24 | Scout Tower |
| 18:32 | Scout Tower |
| 18:32 | Scout Tower |
| 18:33 | Scout Tower |
| 18:35 | Guard Tower |
| 18:36 | Scout Tower |
| 18:37 | Scout Tower |
| 18:38 | Scout Tower |
| 18:52 | Guard Tower |
| 19:33 | Guard Tower |
| 19:53 | Guard Tower |
| 19:57 | Scout Tower |
| 19:59 | Scout Tower |
| 20:00 | Scout Tower |
| 20:06 | Guard Tower |
| 20:37 | Guard Tower |
| 20:38 | Scout Tower |
| 20:39 | Scout Tower |
| 20:39 | Scout Tower |
| 20:56 | Scout Tower |
| 20:56 | Scout Tower |
| 20:57 | Scout Tower |
| 20:58 | Scout Tower |
| 21:03 | Guard Tower |
| 21:31 | Guard Tower |
| 21:32 | Guard Tower |
| 21:54 | Guard Tower |
| 21:56 | Scout Tower |
| 21:57 | Scout Tower |
| 21:57 | Scout Tower |
| 21:58 | Scout Tower |
| 21:59 | Scout Tower |
| 22:00 | Scout Tower |
| 22:06 | Staff of Sanctuary |
| 22:06 | Orb of Fire |
| 22:59 | Guard Tower |
| 23:01 | Scout Tower |
| 23:02 | Scout Tower |
| 23:03 | Scout Tower |
| 23:04 | Scout Tower |
| 23:10 | Guard Tower |
| 23:15 | Scout Tower |
| 23:16 | Scout Tower |
| 23:17 | Scout Tower |
| 23:17 | Scout Tower |
| 23:18 | Scout Tower |
| 23:19 | Scout Tower |
| 25:08 | Blizzard |
| 25:39 | Guard Tower |
| 25:46 | Guard Tower |
| 26:14 | Bash |
| 26:31 | Devotion Aura |
| 26:47 | Scout Tower |
| 26:48 | Scout Tower |
| 26:49 | Scout Tower |
| 26:49 | Scout Tower |
| 26:58 | Town Hall |
| 27:00 | Scout Tower |
| 27:01 | Scout Tower |
| 27:01 | Scout Tower |
| 27:02 | Scout Tower |
| 27:02 | Scout Tower |
| 27:03 | Scout Tower |
| 27:31 | Scout Tower |
| 27:32 | Scout Tower |
| 28:10 | Guard Tower |
| 28:18 | Guard Tower |
| 28:20 | Scout Tower |
| 28:20 | Scout Tower |
| 28:21 | Scout Tower |
| 28:21 | Scout Tower |
| 28:29 | Peasant |
| 28:30 | Peasant |
| 28:32 | Priest |
| Right click | 1847 |
| Select group | 1518 |
| Select | 273 |
| Use ability | 170 |
| Misc. action | 125 |
| Build/train/purchase | 124 |
| Chat | 77 |
| Minimap ping | 18 |
| Assign group | 10 |
| Item give/drop | 10 |
| Esc | 6 |
114 units @ 20.2k
/ 3.4k
50 buildings @ 8.2k
/ 3.5k


| Staff of Teleportation | 1 | 150 |
| total: | 1 | 150g |
| Peon | 12 | 900 | / | 0 |
| Grunt | 11 | 2200 | / | 0 |
| Troll Headhunter | 5 | 700 | / | 100 |
| Demolisher | 7 | 1540 | / | 350 |
| Spirit Walker | 2 | 390 | / | 70 |
| Tauren | 6 | 1680 | / | 480 |
| total: | 43 | 7410g | / | 1000w |
| Orc Burrow | 9 | 1440 | / | 360 |
| Altar of Storms | 1 | 180 | / | 50 |
| Barracks | 2 | 360 | / | 100 |
| War Mill | 2 | 410 | / | 0 |
| Voodoo Lounge | 1 | 130 | / | 30 |
| Great Hall | 1 | 385 | / | 185 |
| Tauren Totem | 1 | 135 | / | 155 |
| Spirit Lodge | 1 | 150 | / | 150 |
| Stronghold | 1 | 315 | / | 190 |
| Fortress | 1 | 325 | / | 190 |
| total: | 18 | 3190g | / | 1030w |
| 0:07 | Orc Burrow |
| 0:09 | Peon |
| 0:18 | Peon |
| 0:39 | Peon |
| 0:44 | Altar of Storms |
| 1:01 | Orc Burrow |
| 1:04 | Peon |
| 1:25 | Peon |
| 1:41 | Barracks |
| 2:05 | War Mill |
| 2:07 | Peon |
| 2:31 | Voodoo Lounge |
| 2:34 | Peon |
| 3:05 | Mirror Image |
| 3:07 | Grunt |
| 3:16 | Peon |
| 3:27 | Steel Melee Weapons |
| 3:51 | Orc Burrow |
| 3:53 | Grunt |
| 5:02 | Barracks |
| 5:22 | Troll Headhunter |
| 5:25 | Stronghold |
| 5:28 | Steel Armor |
| 6:01 | Grunt |
| 6:30 | Wind Walk |
| 6:53 | Grunt |
| 6:53 | Grunt |
| 7:01 | Steel Ranged Weapons |
| 8:02 | Mirror Image |
| 8:22 | Staff of Teleportation |
| 8:32 | Pillage |
| 8:36 | Demolisher |
| 8:38 | Berserker Strength |
| 8:40 | Thorium Armor |
| 8:53 | Tauren Totem |
| 10:45 | Wind Walk |
| 11:16 | Grunt |
| 11:16 | Grunt |
| 11:33 | Great Hall |
| 12:01 | Spirit Walker |
| 12:01 | Spirit Walker |
| 12:04 | Fortress |
| 12:07 | Thorium Melee Weapons |
| 13:17 | Orc Burrow |
| 13:18 | Orc Burrow |
| 13:28 | Troll Regeneration |
| 13:30 | Grunt |
| 13:30 | Grunt |
| 13:33 | Troll Headhunter |
| 13:34 | Troll Headhunter |
| 13:36 | Thorium Ranged Weapons |
| 13:37 | Spiked Barricades |
| 14:09 | Peon |
| 14:09 | Peon |
| 14:09 | Peon |
| 14:10 | Peon |
| 14:22 | Grunt |
| 14:22 | Grunt |
| 14:32 | Arcanite Melee Weapons |
| 14:51 | Tauren |
| 14:51 | Tauren |
| 15:11 | Demolisher |
| 15:11 | Demolisher |
| 15:38 | Black Arrow |
| 15:42 | Orc Burrow |
| 15:46 | Orc Burrow |
| 16:04 | War Mill |
| 18:34 | Pulverize |
| 18:34 | Tauren |
| 18:34 | Tauren |
| 18:47 | Demolisher |
| 19:40 | Demolisher |
| 19:44 | Burning Oil |
| 20:43 | Demolisher |
| 20:44 | Demolisher |
| 20:46 | Troll Headhunter |
| 21:35 | Troll Headhunter |
| 21:58 | Spirit Walker Adept Training |
| 22:02 | Orc Burrow |
| 22:05 | Orc Burrow |
| 23:01 | Silence |
| 23:33 | Spirit Lodge |
| 24:39 | Tauren |
| 24:39 | Tauren |
| Right click | 1029 |
| Select | 507 |
| Chat | 138 |
| Build/train/purchase | 123 |
| Misc. action | 24 |
| Select group | 16 |
| Use ability | 6 |
| Remove unit | 6 |
| Assign group | 3 |
| Esc | 3 |


| Rod of Necromancy | 3 | 450 |
| total: | 3 | 450g |
| Acolyte | 14 | 1050 | / | 0 |
| Ghoul | 8 | 960 | / | 0 |
| Crypt Fiend | 5 | 1075 | / | 200 |
| Obsidian Statue | 11 | 2200 | / | 385 |
| Abomination | 6 | 1440 | / | 420 |
| Frost Wyrm | 7 | 2695 | / | 840 |
| Meat Wagon | 2 | 460 | / | 100 |
| Necromancer | 7 | 1015 | / | 140 |
| total: | 60 | 10895g | / | 2085w |
| Nerubian Tower | 1 | 100 | / | 20 |
| Altar of Darkness | 1 | 180 | / | 50 |
| Ziggurat | 10 | 1500 | / | 500 |
| Crypt | 1 | 200 | / | 50 |
| Tomb of Relics | 1 | 130 | / | 30 |
| Graveyard | 1 | 215 | / | 0 |
| Slaughterhouse | 3 | 420 | / | 405 |
| Sacrificial Pit | 1 | 75 | / | 150 |
| Temple of the Damned | 1 | 155 | / | 140 |
| Boneyard | 3 | 525 | / | 600 |
| Halls of the Dead | 1 | 320 | / | 210 |
| Black Citadel | 1 | 325 | / | 230 |
| total: | 22 | 3400g | / | 1925w |
| 0:03 | Acolyte |
| 0:10 | Altar of Darkness |
| 0:13 | Ziggurat |
| 0:25 | Crypt |
| 0:34 | Acolyte |
| 0:34 | Acolyte |
| 0:58 | Ziggurat |
| 1:09 | Tomb of Relics |
| 1:26 | Cannibalize |
| 1:27 | Ghoul |
| 1:43 | Graveyard |
| 1:55 | Ghoul |
| 2:08 | Ghoul |
| 2:10 | Death Coil |
| 2:32 | Ghoul |
| 2:50 | Ghoul |
| 3:00 | Rod of Necromancy |
| 3:10 | Crypt Fiend |
| 3:57 | Unholy Aura |
| 4:12 | Crypt Fiend |
| 4:13 | Halls of the Dead |
| 4:52 | Crypt Fiend |
| 4:54 | Ziggurat |
| 4:58 | Rod of Necromancy |
| 5:13 | Creature Attack |
| 6:02 | Death Coil |
| 6:10 | Crypt Fiend |
| 6:24 | Crypt Fiend |
| 6:44 | Slaughterhouse |
| 6:45 | Slaughterhouse |
| 7:14 | Web |
| 8:19 | Black Citadel |
| 8:22 | Ziggurat |
| 8:24 | Ziggurat |
| 8:36 | Rod of Necromancy |
| 8:54 | Creature Carapace |
| 8:56 | Unholy Armor |
| 9:03 | Obsidian Statue |
| 9:22 | Obsidian Statue |
| 9:32 | Obsidian Statue |
| 9:34 | Obsidian Statue |
| 10:02 | Frost Nova |
| 10:08 | Sacrificial Pit |
| 10:52 | Obsidian Statue |
| 10:53 | Destroyer Form |
| 11:16 | Unholy Aura |
| 11:40 | Abomination |
| 11:42 | Acolyte |
| 11:42 | Acolyte |
| 11:42 | Acolyte |
| 11:43 | Acolyte |
| 12:21 | Frost Armor |
| 12:22 | Frost Armor |
| 13:05 | Ziggurat |
| 13:06 | Ziggurat |
| 13:30 | Boneyard |
| 13:30 | Boneyard |
| 13:34 | Boneyard |
| 14:03 | Obsidian Statue |
| 14:04 | Abomination |
| 14:11 | Acolyte |
| 14:11 | Acolyte |
| 14:23 | Nerubian Tower |
| 14:30 | Acolyte |
| 14:30 | Acolyte |
| 15:15 | Abomination |
| 15:33 | Frost Wyrm |
| 15:36 | Freezing Breath |
| 15:39 | Frost Wyrm |
| 15:40 | Frost Wyrm |
| 15:41 | Frost Wyrm |
| 15:48 | Ghoul |
| 15:48 | Ghoul |
| 15:49 | Ghoul |
| 15:58 | Abomination |
| 16:54 | Obsidian Statue |
| 16:55 | Obsidian Statue |
| 17:47 | Acolyte |
| 17:47 | Acolyte |
| 17:47 | Acolyte |
| 17:48 | Abomination |
| 18:14 | Abomination |
| 19:00 | Unholy Strength |
| 19:00 | Improved Unholy Armor |
| 20:40 | Meat Wagon |
| 20:41 | Meat Wagon |
| 21:04 | Slaughterhouse |
| 21:05 | Temple of the Damned |
| 21:48 | Ziggurat |
| 21:48 | Ziggurat |
| 21:51 | Ziggurat |
| 21:59 | Obsidian Statue |
| 23:08 | Obsidian Statue |
| 23:14 | Necromancer |
| 23:14 | Necromancer |
| 23:15 | Necromancer |
| 23:53 | Frost Wyrm |
| 23:53 | Frost Wyrm |
| 25:31 | Frost Wyrm |
| 28:13 | Obsidian Statue |
| 28:18 | Skeletal Mastery |
| 28:23 | Necromancer Adept Training |
| 28:23 | Necromancer |
| 28:23 | Necromancer |
| 28:24 | Necromancer |
| 28:24 | Necromancer |
| Right click | 1712 |
| Select | 723 |
| Select group | 220 |
| Build/train/purchase | 120 |
| Use ability | 101 |
| Assign group | 62 |
| Chat | 53 |
| Misc. action | 43 |
| Remove unit | 5 |
| Minimap ping | 2 |


| Rod of Necromancy | 3 | 450 |
| Ritual Dagger | 1 | 125 |
| total: | 4 | 575g |
| Acolyte | 2 | 150 | / | 0 |
| Ghoul | 2 | 240 | / | 0 |
| Crypt Fiend | 6 | 1290 | / | 240 |
| Obsidian Statue | 1 | 200 | / | 35 |
| total: | 11 | 1880g | / | 275w |
| Nerubian Tower | 3 | 300 | / | 60 |
| Crypt | 1 | 200 | / | 50 |
| Graveyard | 1 | 215 | / | 0 |
| Altar of Darkness | 1 | 180 | / | 50 |
| Ziggurat | 4 | 600 | / | 200 |
| Tomb of Relics | 2 | 260 | / | 60 |
| Slaughterhouse | 1 | 140 | / | 135 |
| Halls of the Dead | 1 | 320 | / | 210 |
| Black Citadel | 1 | 325 | / | 230 |
| total: | 10 | 1595g | / | 495w |
| 0:02 | Acolyte |
| 0:07 | Crypt |
| 0:14 | Graveyard |
| 0:20 | Acolyte |
| 0:42 | Altar of Darkness |
| 1:03 | Ziggurat |
| 1:11 | Ghoul |
| 1:26 | Tomb of Relics |
| 1:29 | Tomb of Relics |
| 1:54 | Crypt Fiend |
| 2:03 | Ziggurat |
| 2:24 | Crypt Fiend |
| 2:52 | Rod of Necromancy |
| 2:54 | Death Coil |
| 3:01 | Nerubian Tower |
| 3:04 | Crypt Fiend |
| 3:37 | Halls of the Dead |
| 3:51 | Unholy Aura |
| 3:55 | Ghoul |
| 3:58 | Ziggurat |
| 4:41 | Crypt Fiend |
| 4:59 | Crypt Fiend |
| 5:05 | Ziggurat |
| 5:25 | Death Coil |
| 5:47 | Nerubian Tower |
| 5:49 | Nerubian Tower |
| 6:17 | Rod of Necromancy |
| 6:41 | Black Citadel |
| 6:57 | Slaughterhouse |
| 7:03 | Frost Nova |
| 7:51 | Ritual Dagger |
| 8:08 | Obsidian Statue |
| 8:26 | Rod of Necromancy |
| 8:34 | Crypt Fiend |
| Right click | 554 |
| Select group | 396 |
| Select | 121 |
| Misc. action | 51 |
| Build/train/purchase | 37 |
| Assign group | 21 |
| Use ability | 10 |
| Chat | 7 |
| Esc | 1 |